 Dungeon Crawl Stone Soup version 0.31.0-11-ge490571c62 (webtiles) character file.

Game seed: 16547995450141686374

70 qw the Shooter (level 4, -3/25 HPs)
             Began as a Deep Elf Hunter on Feb 4, 2024.
             Killed from afar by an orc wizard (5 damage)
             ... with a puff of flame
             ... on level 2 of the Dungeon.
             The game lasted 00:00:04 (1485 turns).

qw the Shooter (Deep Elf Hunter)                    Turns: 1485, Time: 00:00:05

Health: -3/25      AC:  5    Str: 10    XL:     4   Next: 3%
Magic:  6/6        EV: 12    Int: 14    God:
Gold:   99         SH:  0    Dex: 18    Spells: 3/3 levels left

rFire   . . .        a - +0 shortbow
rCold   . . .        (shield currently unavailable)
rNeg    . . .        c - +0 leather armour
rPois   .            (no helmet)
rElec   .            (no cloak)
rCorr   .            (no gloves)
SInv    .            d - +1 pair of boots
Will    .....        (no amulet)
Stlth   +            (no ring)
HPRegen 0.24/turn    (no ring)
MPRegen 0.10/turn

%: no passive effects
@: confused
A: no striking features
a: no special abilities


You were on level 2 of the Dungeon.
You visited 1 branch of the dungeon, and saw 3 of its levels.

You collected 99 gold pieces.


   Skills:
 - Level 1.5 Fighting
 + Level 7.4 Ranged Weapons
 - Level 2.4 Dodging
 - Level 1.2 Stealth


You had 3 spell levels left.
You didn't know any spells.
Your spell library was empty.

Inventory:

Hand Weapons
 a - a +0 shortbow (weapon)
Armour
 c - a +0 leather armour (worn)
 d - a +1 pair of boots (worn)
Potions
 b - a potion of enlightenment {unknown}
 e - a potion of degeneration {unknown}
 f - a potion of attraction {unknown}
 g - a potion of heal wounds {unknown}
 h - a potion of curing {unknown}
 j - a potion of haste {unknown}

Dungeon Overview and Level Annotations

Branches:
Dungeon (3/15)

Altars:


Message History

The jackal is moderately wounded.
Something hits you but does no damage. The jackal bites you.
You shoot an arrow. The arrow hits the jackal.
You kill the jackal!
Something hits you.
You shoot an arrow. Something hits you.
You hear some strange, mumbled words.
Something tries to affect you, but you resist.
You shoot an arrow. Something hits you but does no damage.
You shoot an arrow. Something hits you.
You shoot an arrow. Something hits you.
You shoot an arrow. Something hits you.
You shoot an arrow.
You hear some strange, mumbled words.
A puff of flame appears from out of thin air!
The puff of flame misses you.
You shoot an arrow. Something hits you.
You shoot an arrow. Something hits you but does no damage.
You shoot an arrow. Something hits you.
You shoot an arrow.
You hear some strange, mumbled words.
You are confused.
You shoot an arrow. Something hits you but does no damage.
You shoot an arrow. Something hits you but does no damage.
You shoot an arrow. Something hits you but does no damage.
You hear some strange, mumbled words.
A puff of flame appears from out of thin air!
The puff of flame hits you.
You die...

.# #.........#
##### .####
#.#######.# #....
....# #.# #.#
#.### .##.#
###.### #(# #.#
.##.# #.....#
#.######.#
###.########.###.#
#........#
#..........# #.#
##########
##########.###%#
#...{@# #######


There were no monsters in sight!

Vanquished Creatures
  Jessica (D:2)
  An adder (D:2)
  2 dart slugs
  4 endoplasms (D:1)
  2 giant cockroaches (D:1)
  3 goblins
  A hobgoblin (D:1)
  A jackal (D:2)
  3 kobolds (D:2)
  2 quokkas (D:2)
  2 ball pythons (D:1)
  A bat (D:2)
  4 frilled lizards
  5 rats
32 creatures vanquished.

Notes
Turn   | Place    | Note
-------+----------+-------------------------------------------
     0 | D:1      | qw the Deep Elf Hunter began the quest for the Orb.
     0 | D:1      | Reached XP level 1. HP: 12/12 MP: 3/3
     0 | D:1      | 0 ||| qw: Version: 0.3-a-160-g6735b56
     0 | D:1      | 0 ||| qw: Game counter: 5209
     0 | D:1      | 0 ||| qw: Melee chars always use a shield: true
     0 | D:1      | 0 ||| qw: God list: Okawaru
     0 | D:1      | 0 ||| qw: Allow faded altars: false
     0 | D:1      | 0 ||| qw: Do Orc after clearing Dungeon:15 true
     0 | D:1      | 0 ||| qw: Do second Lair branch before Depths: true
     0 | D:1      | 0 ||| qw: Lair rune preference: random
     0 | D:1      | 0 ||| qw: Goals: Normal
     0 | D:1      | 0 ||| PLANNING D:1-11
   110 | D:1      | 110 ||| UPGRADING to +0 pair of boots.
   116 | D:1      | Reached skill level 6 in Ranged Weapons
   116 | D:1      | Reached XP level 2. HP: 16/16 MP: 4/4
   582 | D:1      | 582 ||| READING scroll labelled DUORYM DOCW.
   583 | D:1      | 583 ||| READING scroll labelled DUXKEM SIMARU.
   583 | D:1      | 583 ||| ENCHANTING +0 pair of boots.
   584 | D:1      | 584 ||| READING scroll labelled JEIRAO OWUI.
   589 | D:1      | 589 ||| DROPPING scroll of butterflies.
   842 | D:2      | Reached XP level 3. HP: 16/20 MP: 5/5
   895 | D:2      | 895 ||| DROPPING +0 sling of freezing.
  1003 | D:2      | Noticed Jessica
  1009 | D:2      | Killed Jessica
  1010 | D:2      | Reached skill level 7 in Ranged Weapons
  1213 | D:2      | Reached XP level 4. HP: 25/25 MP: 6/6
  1325 | D:2      | 1325 ||| READING scroll labelled WYADOIGR LOKLI.
  1426 | D:2      | 1426 ||| READING scroll labelled IKKO WADOBUWACVIX.
  1462 | D:3      | 1462 ||| STAIRDANCE
  1476 | D:2      | HP: 6/25 [something (1)]
  1477 | D:2      | HP: 2/25 [something (4)]
  1485 | D:2      | Killed from afar by an orc wizard

Levels and vault maps discovered:
D:1:      psy_arrival_whirlpool, layout_basic, nicolae_kite_square_tiling_tiny
D:2:      layout_loops_ring, uniq_jessica
D:3:      layout_basic, mainiacjoe_overflow_surrounded_room,
          minmay_gold_behind_fungi, uniq_ijyb

Skill      XL: |  1  2  3 |
---------------+----------+-----
Ranged Weapons | 6 7 |  7.4
Fighting       | |  1.5
Dodging        | |  2.4
Stealth        | |  1.2

Action                     |  1- 3 |  4- 6 || total
---------------------------+-------+-------++-------
   Fire: Shortbow          |    73 |    30 ||   103
    Use: Scroll            |     3 |     2 ||     5
 Armour: Leather armour    |     8 |    30 ||    38
  Dodge: Dodged            |     9 |    11 ||    20

Table legend:
 A = Non-vault XP
 B = Vault XP
 C = Vault XP percentage of total XP
 D = Non-vault monster count
 E = Vault monster count
 F = Vault count percentage of total count
                 A         B        C        D         E       F
            +---------+---------+-------+---------+---------+-------
      Total |      63 |      37 |  37.0 |      31 |       1 |   3.1
            +---------+---------+-------+---------+---------+-------
        D:1 |      28 |       0 |   0.0 |      16 |       0 |   0.0
        D:2 |      35 |      37 |  51.4 |      15 |       1 |   6.2
            +---------+---------+-------+---------+---------+-------
